[Event "Early-Titled-Tuesday-Blitz-February-13-2024"]
[Site "Chess.com"]
[Date "2024.02.13"]
[Round "2"]
[White "WhiteKnight2612"]
[Black "Truequitos"]
[Result "1-0"]
[WhiteElo "2872"]
[BlackElo "2599"]
[TimeControl "180+1"]
[EndTime "8:20:28 PST"]
[Termination "WhiteKnight2612 won by resignation"]

1. e4 e6 2. Nf3 d5 3. Nc3 Nf6 4. e5 Nfd7 5. d4 c5 6. Bb5 a6 7. Bxd7+ Bxd7 8. O-O Nc6 9. Ne2 cxd4 10. Nexd4 Bc5 11.
c3 O-O 12. Re1 b5 13. Nb3 Bb6 14. Be3 Bxe3 15. Rxe3 Qb6 16. Nfd4 f5 17. exf6 Rxf6 18. Nxc6 Qxc6 19. Qd4 Qd6 20. g3 Raf8 21. f4 Rc8 22.
Rae1 Rff8 23. Qe5 Qb6 24. a3 Rf5 25. Qd4 Qd6 26. Qb4 Qb6 27. Nd4 Rf7 28. Kg2 Rc4 29. Qb3 Rf6 30. Qd1 a5 31. b3 Rc8 32. b4 axb4 33. axb4 Ra8 34. R1e2 Qc7 35. Nb3 Qc4 36. Nc5 Bc6 37. Qd4 Qxd4 38. cxd4 Kf7 39. Nxe6 Ra4 40. Ng5+ Kg6 41. Rb2 Bd7 42. Re5 h6 43. Nf3 Rfa6 44.
Rxd5 Bc6 45. Ne5+ Kf6 46. Nxc6 Rxc6 47. Rxb5 Rc4 48. d5 Rd4 49. Rb6+ Kf5 50. d6 Ke6 51. Re2+ Kd5 52. d7 Kc4 53. Re4 Ra8 54. Rxd4+ Kxd4 55. Rd6+ 1-0

[Event "Early-Titled-Tuesday-Blitz-February-13-2024"]
[Site "Chess.com"]
[Date "2024.02.13"]
[Round "2"]
[White "SHIVACalypso"]
[Black "Nechitaylo_Nikita"]
[Result "0-1"]
[WhiteElo "2515"]
[BlackElo "2314"]
[TimeControl "180+1"]
[EndTime "8:20:28 PST"]
[Termination "Nechitaylo_Nikita won by checkmate"]

1. Nf3 c5 2. c4 Nc6 3. g3 g6 4.
Bg2 Bg7 5. Nc3 d6 6. O-O e5 7.
Ne1 Be6 8. Nd5 Nge7 9. Nc2 O-O 10. Nce3 Rb8 11. d3 b5 12. Nxe7+ Nxe7 13. cxb5 Rxb5 14. Nc4 d5 15. a4 Rb8 16. Na3 Nc6 17.
e4 dxe4 18. dxe4 Qxd1 19. Rxd1 Nd4 20. Bf1 Bg4 21. Rd3 Bf3 22. Bg2 Be2 23. Rc3 Ba6 24. Bf1 Bb7 25. f3 f5 26. exf5 Nxf3+ 27. Kf2 Rxf5 28.
Bc4+ Kh8 29. Ke2 Nd4+ 30. Ke1 Rbf8 31. Be3 Nf3+ 32. Ke2 Nxh2 33. Rh1 Bxh1 34. Nb5 Bg2 35. Kd2 Nf3+ 36. Kc2 Nd4+ 37. Kd2 Nf3+ 38. Kc2 Re8 39. Nd6 Rd8 40. Nxf5 gxf5 41. Rb3 Nd4+ 42. Bxd4 exd4 43. Rb7 Be4+ 44. Bd3 Bxb7 45. a5 Be4 46. b3 Bxd3+ 47.
Kxd3 Re8 48. Kc4 Re3 49. a6 Rc3+ 50. Kb5 d3 51. Kc6 d2 52. Kb7 d1=Q 53. Kxa7 Qd7+ 54. Kb8 Rxb3+ 55. Ka8 Qc8+ 56. Ka7 Qb8# 0-1

[Event "Early-Titled-Tuesday-Blitz-February-13-2024"]
[Site "Chess.com"]
[Date "2024.02.13"]
[Round "2"]
[White "elchacal664"]
[Black "lluiss"]
[Result "1-0"]
[WhiteElo "2470"]
[BlackElo "2149"]
[TimeControl "180+1"]
[EndTime "8:20:28 PST"]
[Termination "elchacal664 won by resignation"]

1. e4 e6 2. Qe2 c5 3. Nc3 Nc6 4. g3 g6 5. Nf3 Bg7 6. Bg2 Nge7 7. O-O O-O 8. d3 b6 9. h4 d5 10. h5 Ba6 11. Bg5 Qd7 12. hxg6 hxg6 13. Rfe1 Rfe8 14. Rad1 Nd4 15. Nxd4 cxd4 16. Nb1 dxe4 17. Qxe4 Rab8 18. Na3 Bb7 19. Qh4 Bxg2 20. Kxg2 Nf5 21. Qe4 Qb7 22. Qxb7 Rxb7 23. Nc4 Rc7 24. Bf4 Rc6 25. Be5 b5 26. Na3 a6 27. Bxg7 Kxg7 28. Re4 Rh8 29. g4 Nh4+ 30. Kg3 g5 31. Rxd4 Ng6 32. Rd7 Rh4 33. c4 Rxg4+ 34. Kxg4 Ne5+ 35. Kxg5 Nxd7 36. cxb5 axb5 37.
d4 b4 38. Nb5 Rc2 39. Rb1 Rxf2 40. a4 bxa3 41. bxa3 Rf5+ 42. Kg4 Nf6+ 43. Kg3 Nd5 44. a4 Rg5+ 45. Kf3 Rh5 46. Ke4 Rh4+ 47. Kd3 Rh3+ 48. Kc4 Nb6+ 49. Kb4 Rh4 50. a5 Nd5+ 51. Kc5 Rh8 52. a6 Ra8 53. a7 Kf6 54. Kc6 Ke7 55. Kb7 Rh8 56. a8=Q Rxa8 57. Kxa8 1-0

[Event "Early-Titled-Tuesday-Blitz-February-13-2024"]
[Site "Chess.com"]
[Date "2024.02.13"]
[Round "2"]
[White "Fonsofan"]
[Black "GM_dmitrij"]
[Result "0-1"]
[WhiteElo "2674"]
[BlackElo "3056"]
[TimeControl "180+1"]
[EndTime "8:20:30 PST"]
[Termination "GM_dmitrij won on time"]

1. e4 c6 2. Nf3 d5 3. d3 g6 4. Qe2 Bg4 5. Nbd2 Nd7 6. g3 Bg7 7. Bg2 e6 8. O-O Ne7 9. c3 O-O 10. Qe3 Qb6 11. Qxb6 axb6 12. d4 b5 13. Re1 Rfe8 14.
exd5 cxd5 15. Nb3 Nc6 16. a3 Nb6 17. Bf4 Nc4 18. Re2 f6 19. h3 Bf5 20. Ne1 g5 21.
Bc1 h5 22. Kh2 Kf7 23. Nd2 N6a5 24. Nxc4 bxc4 25. Be3 g4 26. Bf1 Nb3 27. Rd1 Be4 28.
Bg2 f5 29. Bf4 b5 30. Bxe4 fxe4 31. Ng2 Bf6 32. hxg4 hxg4 33. Ne3 Rh8+ 34. Kg2 Rag8 35. Rh1 Rxh1 36. Kxh1 Nc1 37. Rd2 Nd3 38. Nc2 Nxb2 39. Kg2 Na4 40. Ne3 Nxc3 41. Rb2 Be7 42. Nc2 Bg5 43.
Bxg5 Rxg5 44. Ne3 Rg8 45. Rc2 Na4 46. Rc1 c3 47. Kf1 Kf6 48. Ke2 Kg5 49. Rh1 Rc8 50. Kd1 Nb2+ 51. Kc2 Nd3 52. Rh7 Ne1+ 53. Kc1 c2 54.
Rh1 Nd3+ 0-1

[Event "Early-Titled-Tuesday-Blitz-February-13-2024"]
[Site "Chess.com"]
[Date "2024.02.13"]
[Round "2"]
[White "Shodikulov_Jamshid1990"]
[Black "KarolKacprzak"]
[Result "1/2-1/2"]
[WhiteElo "2375"]
[BlackElo "2731"]
[TimeControl "180+1"]
[EndTime "8:20:30 PST"]
[Termination "Game drawn - insufficient material"]

1. c4 Nf6 2. Nc3 c5 3. g3 Nc6 4.
Bg2 g6 5. Nf3 Bg7 6. O-O O-O 7. d4 cxd4 8. Nxd4 d6 9. Nc2 Be6 10.
b3 Rc8 11. Bb2 a6 12. Qd2 Qa5 13. Rfd1 Qh5 14. Ne3 Bh6 15. f4 Rfd8 16. Ned5 Bxd5 17. Nxd5 Nxd5 18. Bxd5 Bg7 19. Bxg7 Kxg7 20. Kg2 e6 21. Bf3 Qc5 22. Rac1 b6 23. Qb2+ Kg8 24. a3 a5 25.
Rd3 Ne7 26. b4 Qc7 27. Qd2 Nf5 28. Rdc3 h5 29. Rd3 axb4 30. axb4 d5 31. c5 bxc5 32. Rxc5 Qb8 33. e4 dxe4 34. Bxe4 Rxd3 35. Qxd3 Rd8 36. Qc3 Nd6 37. Bf3 Qa7 38. Qb2 Rb8 39. Rc6 Nf5 40. b5 Nd4 41. Kh3 Nxc6 42. Bxc6 Qb6 43. Qe5 Rd8 44.
Qf6 Qc7 45. Kh4 Rb8 46. Kg5 Qd8 47. Qxd8+ Rxd8 48. b6 Kg7 49. b7 f6+ 50. Kh4 Kf7 51. Bd7 Rb8 52. Bc8 Ke7 53. g4 hxg4 54. Kxg4 e5 55. fxe5 fxe5 56. Kf3 Kf6 57. Ke4 g5 58. h3 Kg6 59. Kxe5 Kh5 60. Kd6 Rxb7 61. Bxb7 g4 62.
hxg4+ Kxg4 1/2-1/2

[Event "Early-Titled-Tuesday-Blitz-February-13-2024"]
[Site "Chess.com"]
[Date "2024.02.13"]
[Round "2"]
[White "banhgiahuy2606"]
[Black "akanga001"]
[Result "1-0"]
[WhiteElo "2699"]
[BlackElo "2004"]
[TimeControl "180+1"]
[EndTime "8:20:33 PST"]
[Termination "banhgiahuy2606 won on time"]

1. c4 c5 2. Nf3 b6 3. g3 Bb7 4. Bg2 g6 5. O-O Bg7 6. Nc3 d6 7. d4 cxd4 8. Nxd4 Bxg2 9. Kxg2 a6 10. e4 Qc7 11. b3 Nd7 12. Nd5 Qb7 13. Re1 e6 14.
Nc3 Ngf6 15. Bb2 Rd8 16. Nf3 Ne5 17. Nxe5 dxe5 18. Qe2 O-O 19. f3 Rd7 20. Rad1 Rfd8 21. Rxd7 Rxd7 22. Rd1 Qc6 23. Rd3 Rd4 24. Nd1 Rxd3 25.
Qxd3 Nd7 26. b4 Bf8 27. a3 Be7 28. Ne3 f6 29. Qb3 Kf7 30. Kf2 Qd6 31. Ke2 a5 32. Nc2 axb4 33. axb4 h5 34. Qd3 Qc6 35. Bc1 Qa4 36. Be3 Qa2 37. Kd1 Qb1+ 38. Bc1 Ke8 39. Qa3 Kf7 40. Qb2 Qxb2 41. Bxb2 Ke8 42. Ke2 Kd8 43.
Bc3 Kc7 44. Na3 Kc6 45. Nb5 Nb8 46. Na3 Nd7 47. Kd3 Nb8 48. Nc2 Nd7 49. Ne3 Bf8 50. Ng2 g5 51. h4 Be7 52. g4 hxg4 53. fxg4 gxh4 54. Nxh4 f5 55. Ng6 fxe4+ 56. Kxe4 Bg5 57. Nxe5+ Kd6 58. Nf7+ Ke7 59. Nxg5 Kd6 60. Nf7+ Ke7 61. Ne5 Nf6+ 62. Kf4 Ne8 63. g5 Kd6 64. Nf7+ Ke7 65.
g6 Kf8 66. Kg5 Nc7 67. Kh6 Ne8 68. Kh7 1-0

[Event "Early-Titled-Tuesday-Blitz-February-13-2024"]
[Site "Chess.com"]
[Date "2024.02.13"]
[Round "2"]
[White "Jamal-Jamal-Jamal"]
[Black "Chess_Gainz"]
[Result "0-1"]
[WhiteElo "2330"]
[BlackElo "2543"]
[TimeControl "180+1"]
[EndTime "8:20:33 PST"]
[Termination "Chess_Gainz won on time"]

1. e4 d6 2. d4 Nf6 3. Nc3 Nbd7 4.
Nf3 e5 5. Bc4 Be7 6. O-O c6 7.
a4 O-O 8. h3 h6 9. Re1 Re8 10. a5 exd4 11. Nxd4 Ne5 12. Bb3 Ng6 13. Qf3 a6 14. Nf5 Bf8 15. Be3 Ne5 16. Qd1 Bxf5 17. exf5 d5 18. Ne2 Qd7 19. Ng3 c5 20. Ba4 Nc6 21. Qf3 Qc7 22. Bxc6 Qxc6 23. Nh5 Nxh5 24. Qxh5 Qf6 25. c3 Rad8 26. Bf4 d4 27. cxd4 cxd4 28. Bg3 Rxe1+ 29. Rxe1 Rd5 30. Qf3 Qxf5 31. Qxf5 Rxf5 32. Re8 Rd5 33. Kf1 g6 34. Ke2 Kg7 35. Kd3 Bb4 36. Re4 Bxa5 37. Rxd4 Rxd4+ 38. Kxd4 Bb6+ 39. Kd5 Kf6 40. Kd6 Bd4 41. b3 b5 42. Kc6 b4 43. Kb7 Bc3 44.
Kxa6 Kf5 45. Kb5 Ke4 46. Kc4 f5 47. Bd6 f4 48. Bxb4 Bd4 49. Bc3 Bxf2 50. Bd2 g5 51.
b4 f3 52. gxf3+ Kxf3 53. b5 Kg2 54. h4 gxh4 55. Bxh6 Bg3 0-1

[Event "Early-Titled-Tuesday-Blitz-February-13-2024"]
[Site "Chess.com"]
[Date "2024.02.13"]
[Round "2"]
[White "SnekkerAndersen"]
[Black "ViIIagra"]
[Result "0-1"]
[WhiteElo "2639"]
[BlackElo "2958"]
[TimeControl "180+1"]
[EndTime "8:20:34 PST"]
[Termination "ViIIagra won on time"]

1. d4 d6 2. c4 Nf6 3. Nc3 e5 4. Nf3 Nbd7 5. g3 Be7 6. Bg2 O-O 7. O-O c6 8. e4 b6 9. d5 Bb7 10. Re1 a6 11. a4 Rc8 12. h3 cxd5 13. cxd5 Nc5 14.
b4 Ncd7 15. Qd3 Qc7 16. Bd2 Qc4 17. Bf1 Qxd3 18. Bxd3 Rc7 19. Rec1 Rfc8 20. Ne2 Ne8 21.
Rxc7 Rxc7 22. Rc1 g6 23. Rxc7 Nxc7 24. Nc1 f5 25. exf5 Bxd5 26. Ng5 Bxg5 27. Bxg5 e4 28. Bc2 gxf5 29. Ne2 Ne6 30. Be3 Bc4 31. Nd4 Nxd4 32.
Bxd4 Kf7 33. f3 d5 34. Kf2 Ke6 35. Ke3 b5 36. a5 Nb8 37. g4 fxg4 38. hxg4 Nc6 39.
fxe4 Nxb4 40. exd5+ Nxd5+ 41. Kf3 h6 42. Bf5+ Kd6 43.
Bg7 b4 44. Bxh6 b3 45. Bg7 Kc5 46. g5 Kb4 47. g6 Kxa5 48. Bd4 Kb4 49. g7 Nc3 50.
Ke3 b2 51. Kd2 b1=N+ 52. Ke3 Na3 53. Bh7 Nd5+ 54. Kf2 Ne7 55. Bf6 Ng8 56. Bg5 Nb5 0-1

[Event "Early-Titled-Tuesday-Blitz-February-13-2024"]
[Site "Chess.com"]
[Date "2024.02.13"]
[Round "2"]
[White "Bykov_Egor"]
[Black "ilqar_74"]
[Result "1/2-1/2"]
[WhiteElo "2590"]
[BlackElo "2831"]
[TimeControl "180+1"]
[EndTime "8:20:34 PST"]
[Termination "Game drawn - insufficient material"]

1. e4 c5 2. Nf3 d6 3. d4 cxd4 4. Nxd4 Nf6 5. Nc3 e5 6. Ndb5 a6 7. Na3 b5 8. Nd5 Nxd5 9. Qxd5 Ra7 10. Be3 Rd7 11. c4 Bb7 12. Qd3 bxc4 13. Nxc4 d5 14. Nxe5 Bb4+ 15. Ke2 dxe4 16. Qc2 Rd5 17. Rd1 O-O 18.
f3 exf3+ 19. Nxf3 Re8 20. Rxd5 Qxd5 21. Kf2 Qe6 22. Qb3 Bd5 23. Qxb4 Qxe3+ 24. Kg3 Nc6 25. Qf4 Bxf3 26. Qxe3 Rxe3 27. gxf3 a5 28. Kf2 Re5 29.
Bd3 g6 30. Rc1 Nb4 31. Bc4 Rc5 32. Ke3 Kg7 33. a3 Nc6 34. f4 Rh5 35. Rc2 f5 36.
Bf1 Ne7 37. Kf3 Nd5 38. Rd2 Nf6 39. b4 axb4 40. axb4 Rh4 41. b5 g5 42. fxg5 Ne4 43. Rd7+ Kg6 44. b6 Nxg5+ 45. Kg3 Rg4+ 46. Kf2 Rb4 47.
b7 Ne4+ 48. Ke3 Nc5 49. Rd6+ Kg5 50. Rd5 Nxb7 51. Bd3 Rf4 52. h4+ Rxh4 53. Rxf5+ Kg4 54. Rb5 Nd6 55. Rb4+ Kg3 56. Rxh4 Kxh4 57. Bxh7 1/2-1/2

[Event "Early-Titled-Tuesday-Blitz-February-13-2024"]
[Site "Chess.com"]
[Date "2024.02.13"]
[Round "2"]
[White "colegiodemadrid"]
[Black "szefru"]
[Result "1-0"]
[WhiteElo "2513"]
[BlackElo "2264"]
[TimeControl "180+1"]
[EndTime "8:20:34 PST"]
[Termination "colegiodemadrid won on time"]

1. Nf3 Nf6 2. g3 g6 3. Bg2 Bg7 4. O-O d5 5. d4 O-O 6. a4 c6 7. Re1 Bf5 8. Nbd2 Qd7 9. Nb3 b6 10.
a5 Na6 11. c3 Rfe8 12. Ne5 Qc7 13. Bf4 Qc8 14. f3 Nd7 15. e4 Be6 16. Nxd7 Qxd7 17.
Bf1 Nc7 18. Qc2 Rec8 19. h4 Bh3 20. Bd3 Ne6 21. Be3 c5 22. exd5 Qd6 23. Bf2 Nf8 24. dxc5 bxc5 25. Bc4 Nd7 26. Kh2 Ne5 27. Be2 Bf5 28.
Qd2 c4 29. Nd4 Qxd5 30. Qe3 Bd3 31. Bd1 e6 32. Kg1 Nc6 33. Nxc6 Qxc6 34. f4 Qb5 35. Ra2 Rd8 36. Bf3 Rac8 37. Qxa7 Qb3 38. Rea1 e5 39.
fxe5 Bxe5 40. Qe3 Bd6 41. Qc1 Qb8 42. Kg2 Re8 43. a6 Be4 44. Qd1 Bc7 45. a7 Qa8 46. Bxe4 Rxe4 47. Qf3 f5 48. Ra6 Bd8 49. h5 Kg7 50.
hxg6 hxg6 51. Rh1 Bf6 52. Rd1 Rc7 53. Rdd6 1-0

[Event "Early-Titled-Tuesday-Blitz-February-13-2024"]
[Site "Chess.com"]
[Date "2024.02.13"]
[Round "2"]
[White "yaguigor"]
[Black "tylityli"]
[Result "0-1"]
[WhiteElo "2707"]
[BlackElo "2293"]
[TimeControl "180+1"]
[EndTime "8:20:36 PST"]
[Termination "tylityli won on time"]

1. Nf3 Nf6 2. c4 c5 3. Nc3 d5 4. cxd5 Nxd5 5. e4 Nc7 6. d4 cxd4 7. Nxd4 e5 8. Ndb5 Qxd1+ 9. Kxd1 Nxb5 10. Nxb5 Na6 11. Bc4 Bc5 12. Ke2 O-O 13. Rd1 Re8 14. Nd6 Bxd6 15. Rxd6 Nc5 16. Bb5 Nxe4 17. Rd1 Rf8 18.
Be3 a6 19. Bc4 Bf5 20. Bd5 Rac8 21. Bxb7 Rc2+ 22. Kf1 Rxb2 23. Bxa6 h6 24. Bc4 Rc8 25. Bb3 Nc5 26. Bxc5 Rxc5 27. Rd5 Rxd5 28. Bxd5 Bd3+ 29. Kg1 Rb5 30. Bc6 Ra5 31. a4 Bc2 32. f3 Kf8 33.
Rc1 Bxa4 34. Ra1 Bxc6 35. Rxa5 f6 36. Ra7 Be8 37. Kf2 Bf7 38. Ke3 g6 39. g3 Kg7 40. h4 f5 41. f4 exf4+ 42. gxf4 Kf6 43. Ra6+ Be6 44. Kd4 Kf7 45. Ke5 Bd7 46. Ra7 Ke7 47.
Rxd7+ Kxd7 48. Kf6 g5 49. fxg5 hxg5 0-1

[Event "Early-Titled-Tuesday-Blitz-February-13-2024"]
[Site "Chess.com"]
[Date "2024.02.13"]
[Round "2"]
[White "kidagent"]
[Black "VinzentSpitzl"]
[Result "1-0"]
[WhiteElo "2342"]
[BlackElo "2527"]
[TimeControl "180+1"]
[EndTime "8:20:36 PST"]
[Termination "kidagent won on time"]

1. c4 e6 2. g3 Nf6 3. Bg2 d5 4. Nf3 Be7 5. O-O O-O 6. b3 c5 7. Bb2 Nc6 8. e3 d4 9. exd4 cxd4 10. Re1 Bc5 11. d3 Re8 12. Ne5 Nxe5 13. Rxe5 Qc7 14.
Qe2 Nd7 15. Re4 e5 16. Nd2 Nf6 17. Rh4 Bd7 18. Ne4 Nxe4 19. Bxe4 h6 20. Rf1 f5 21.
Bd5+ Be6 22. Bxe6+ Rxe6 23. Bc1 Rae8 24. g4 Rg6 25. f3 Qe7 26. Rh5 fxg4 27. fxg4 Bd6 28. Qe4 Rf6 29. Qd5+ Kh8 30. Rxf6 Qxf6 31. Rf5 Qg6 32.
h3 Rf8 33. Rxf8+ Bxf8 34. Qxe5 Qxd3 35. Bxh6 Qd1+ 36. Kf2 Qc2+ 37. Kf3 d3 38. Be3 Qe2+ 39. Ke4 d2 40. Qh5+ Kg8 41. Qd5+ Kh7 42. Qxd2 Qf1 43. Qf2 Qh1+ 44. Qf3 Qb1+ 45. Kd4 Qb2+ 46. Kd5 Be7 47. Qf5+ Kg8 48. Bd4 Qg2+ 49. Ke6 1-0

[Event "Early-Titled-Tuesday-Blitz-February-13-2024"]
[Site "Chess.com"]
[Date "2024.02.13"]
[Round "2"]
[White "astralpulse"]
[Black "AlmasRakhmatullaev"]
[Result "0-1"]
[WhiteElo "2602"]
[BlackElo "2876"]
[TimeControl "180+1"]
[EndTime "8:20:39 PST"]
[Termination "AlmasRakhmatullaev won on time"]

1. d4 d5 2. c4 e5 3. e3 exd4 4. exd4 Nc6 5. Nc3 Nf6 6. Nf3 Bb4 7. Be2 dxc4 8. Bxc4 O-O 9. O-O Bg4 10. a3 Bd6 11. Be3 Qd7 12. Be2 Rad8 13. Qb3 b6 14. Rfd1 Qc8 15.
Rac1 Ne7 16. Nb5 Ned5 17. Nxa7 Qf5 18. Nc6 Rde8 19. Nce5 Bxe5 20. dxe5 Nxe3 21. Qxe3 Bxf3 22. Bxf3 Rxe5 23. Qd4 Rfe8 24. h3 c5 25. Qd6 R5e6 26. Qc7 h5 27. Rd8 Qg5 28. Rcd1 Rxd8 29. Qxd8+ Kh7 30.
Qd3+ g6 31. a4 Qe5 32. b3 Qf4 33. Qd8 Kg7 34. Qd3 g5 35. g3 Qe5 36. Kg2 g4 37.
hxg4 hxg4 38. Bb7 Re7 39. Ba6 Rd7 40. Qc2 Rd4 41. Bc4 Ne4 42. Rxd4 cxd4 43. Qe2 f5 44. b4 Kf6 45. Bd3 Qd5 46. Bc4 Qb7 47. Kf1 Ng5 48. Qe8 Qh1+ 49. Ke2 Qf3+ 50. Ke1 Qc3+ 51. Kd1 Qxc4 52. Qd8+ Kg6 53. Qg8+ Qxg8 0-1

[Event "Early-Titled-Tuesday-Blitz-February-13-2024"]
[Site "Chess.com"]
[Date "2024.02.13"]
[Round "2"]
[White "KNVB"]
[Black "RandomNoob04"]
[Result "1-0"]
[WhiteElo "2906"]
[BlackElo "2613"]
[TimeControl "180+1"]
[EndTime "8:20:40 PST"]
[Termination "KNVB won by resignation"]

1. d4 Nf6 2. Bf4 d5 3. e3 c5 4. c3 Nc6 5. Nd2 e6 6. Ngf3 cxd4 7. exd4 Nh5 8. Be3 Bd6 9. g3 O-O 10. Bd3 f5 11. Ne5 Nf6 12. Ndf3 Ne4 13. Bf4 Nxe5 14. Bxe5 Be7 15. O-O b6 16. Ne1 a5 17. Qe2 Bd7 18. f3 Ng5 19. Bb5 Qe8 20. Bxd7 Qxd7 21. a4 Bd6 22. Bxd6 Qxd6 23. Nd3 Nf7 24. Rfe1 Rae8 25. Kg2 Re7 26. Qd2 e5 27. dxe5 Nxe5 28. Nxe5 Rxe5 29.
Rxe5 Qxe5 30. Re1 Qd6 31. Rd1 Re8 32. Kf2 Qc5+ 33. Qd4 Kf7 34. Qxc5 bxc5 35. Rxd5 Rb8 36. Rxc5 Rxb2+ 37. Ke3 g6 38. h4 Rc2 39. g4 fxg4 40. fxg4 Rh2 41. h5 Rh4 42. hxg6+ Kxg6 43. Kf4 Rh3 44. Rc6+ Kg7 45. Kg5 h6+ 46. Kf4 Rd3 47.
Rc5 Kg6 48. Ke4 Rg3 49. Kf4 Rd3 50. Rc6+ Kg7 51. Kf5 Rf3+ 52. Ke5 Re3+ 53. Kd5 Rg3 54. Rc4 Kg6 55. Kc5 Kg5 56. Kb5 Rxg4 57. Rxg4+ Kxg4 58. c4 h5 59. c5 h4 60. c6 h3 61. c7 h2 62. c8=Q+ 1-0

[Event "Early-Titled-Tuesday-Blitz-February-13-2024"]
[Site "Chess.com"]
[Date "2024.02.13"]
[Round "2"]
[White "Jaka_Brilej"]
[Black "Irina_Mikhaylova"]
[Result "1-0"]
[WhiteElo "2528"]
[BlackElo "2285"]
[TimeControl "180+1"]
[EndTime "8:20:40 PST"]
[Termination "Jaka_Brilej won by resignation"]

1. e4 c5 2. Nf3 Nc6 3. Bb5 e6 4. Bxc6 bxc6 5. d3 Ne7 6. Nbd2 Ng6 7. h4 h5 8. b3 Be7 9. Bb2 f6 10. e5 Kf7 11. g3 Qc7 12. Qe2 a5 13. a4 d6 14. exd6 Bxd6 15. Ne4 e5 16. O-O-O Bg4 17. Qe3 Ne7 18. Nxd6+ Qxd6 19. Rde1 Nf5 20. Qe4 Nd4 21. Nd2 Qd5 22. f3 Nxf3 23. Ref1 Nxd2 24. Kxd2 Qxe4 25. dxe4 Rhd8+ 26. Ke3 c4 27. bxc4 Kg6 28. Bc3 Be6 29. c5 Bc4 30. Rb1 Rdb8 31. Rb6 Rc8 32. Rd1 Rc7 33.
Rd6 Rac8 34. Bxe5 Re7 35. Bc3 Bd5 36. e5 Kf7 37. Rb1 fxe5 38. Bxa5 Ra8 39. Bb4 Rxa4 40. c3 Ra2 41. Rf1+ Kg8 42. Rd8+ Kh7 43. Rdf8 Rg2 44.
R1f2 Rxg3+ 45. Kd2 Rg2 46. Rxg2 Bxg2 47. Ke3 Bd5 48. c4 Rf7 49. Bc3 Rxf8 50. cxd5 cxd5 51.
Bxe5 Rc8 52. Kd4 Kg6 53. Kxd5 Kf5 54. Bxg7 Kg4 55. Bf6 Rf8 56. Bg5 Rf5+ 57. Kd6 Rf1 58. c6 Rf2 59. c7 Rc2 60. Kd7 Kf5 61. c8=Q Rxc8 62. Kxc8 1-0

[Event "Early-Titled-Tuesday-Blitz-February-13-2024"]
[Site "Chess.com"]
[Date "2024.02.13"]
[Round "2"]
[White "Kobalia"]
[Black "Statham_01"]
[Result "0-1"]
[WhiteElo "2799"]
[BlackElo "2590"]
[TimeControl "180+1"]
[EndTime "8:20:41 PST"]
[Termination "Statham_01 won on time"]

1. e4 e5 2. Nf3 Nf6 3. d4 d5 4. dxe5 Nxe4 5. Bd3 Nc5 6. Be2 Nc6 7. O-O Bg4 8. Be3 Ne6 9. c3 Be7 10. Qb3 O-O 11.
Rd1 Bxf3 12. Bxf3 Nxe5 13. Bxd5 Bd6 14. Bxb7 Rb8 15. Bxa7 Qh4 16. g3 Qh5 17. Nd2 Ng5 18. Bxb8 Rxb8 19. Qd5 Ng4 20. h4 Nh3+ 21. Kf1 Qg6 22. Ne4 Nhxf2 23. Re1 Nh1 24. Kg2 Nxg3 25. Nxg3 Nf6 26. Qg5 Qc2+ 27. Re2 Qd3 28. Be4 Qc4 29.
Rae1 h6 30. Qd2 Qc5 31. Qd4 Qa5 32. Nf5 Rb5 33. Nxd6 cxd6 34. Bc6 Rh5 35. Bf3 Qd8 36. Bxh5 Qa8+ 37. Qe4 Qd8 38. Re3 Nxe4 39. Rxe4 Qa8 40. Bf3 Qxa2 41. Re8+ Kh7 42. Be4+ g6 43. h5 Kg7 44. hxg6 Qxb2+ 45. Kg1 Qxc3 46. Bg2 Qc5+ 47. Kh1 Kxg6 48. R8e3 Qh5+ 49. Rh3 Qc5 50. Rg3+ Kh7 51. Rf1 f5 52. Bh3 f4 0-1

[Event "Early-Titled-Tuesday-Blitz-February-13-2024"]
[Site "Chess.com"]
[Date "2024.02.13"]
[Round "2"]
[White "secrethawk1"]
[Black "nj123456"]
[Result "0-1"]
[WhiteElo "2488"]
[BlackElo "2296"]
[TimeControl "180+1"]
[EndTime "8:20:41 PST"]
[Termination "nj123456 won by checkmate"]

1. e3 d5 2. d4 Nf6 3. c4 e6 4. Nc3 Be7 5. Nf3 O-O 6. Bd3 a6 7. O-O dxc4 8. Bxc4 b5 9. Bd3 Bb7 10. a4 b4 11. Ne2 Nbd7 12. Qc2 c5 13. Ne5 cxd4 14. Nxd7 Qxd7 15. exd4 Rac8 16. Qd2 Rfd8 17. Qf4 Qd5 18. Qg3 Ne4 19. Qf3 Nf6 20. Qh3 a5 21.
Be3 Qh5 22. Qxh5 Nxh5 23. Rac1 Nf6 24. Bg5 h6 25. Bh4 g5 26. Bg3 Nd5 27. Rfd1 Bf6 28. Be4 Kg7 29. f3 Ba6 30. Kf2 h5 31. h3 h4 32. Bh2 Bxe2 33. Kxe2 Rxc1 34. Rxc1 Bxd4 35. b3 Nc3+ 36. Kf1 Be3 37. Re1 Bd2 38. Ra1 f6 39. Bc6 Be3 40. Be4 Rd2 41. Bc7 Rf2+ 42. Ke1 Rxg2 43.
Bd3 Rd2 44. Bf1 Rb2 45. Bd3 Rxb3 46. Bxa5 Nxa4 47. Rxa4 Rxd3 48. Ke2 Rb3 49. Bxb4 Bf4 50. Bd2 Rb2 51. Ra7+ Kg6 52. Rd7 Rxd2+ 53. Rxd2 Bxd2 54. Kxd2 Kf5 55. Ke3 e5 56. Kf2 Kf4 57. Ke2 f5 58.
Kf2 e4 59. fxe4 fxe4 60. Ke2 Kg3 61. Ke3 Kxh3 62. Kxe4 Kg2 63. Kf5 h3 64. Kxg5 h2 65.
Kg6 h1=Q 66. Kg5 Qh3 67. Kf6 Qh5 68. Ke7 Qg6 69. Kf8 Qh7 70. Ke8 Kf3 71. Kd8 Kf4 72.
Kc8 Ke5 73. Kb8 Ke6 74. Kc8 Kd6 75. Kd8 Qh8# 0-1

[Event "Early-Titled-Tuesday-Blitz-February-13-2024"]
[Site "Chess.com"]
[Date "2024.02.13"]
[Round "2"]
[White "MariamiJaniashvili"]
[Black "Barmen_EV"]
[Result "0-1"]
[WhiteElo "2178"]
[BlackElo "2490"]
[TimeControl "180+1"]
[EndTime "8:20:41 PST"]
[Termination "Barmen_EV won by checkmate"]

1. d4 Nf6 2. c4 g6 3. Nf3 Bg7 4. g3 O-O 5. Bg2 d6 6. Nc3 Nbd7 7. O-O e5 8. b3 Re8 9. e4 exd4 10. Nxd4 Nc5 11. f3 a5 12. Be3 Nfd7 13. Qd2 Ne5 14. Bh6 Bh8 15. Bg5 Bf6 16. Bxf6 Qxf6 17. f4 Ned3 18.
Ndb5 Qd8 19. Rf3 c6 20. Nd4 Nb4 21. a3 Nba6 22. b4 Nxe4 23. Nxe4 Rxe4 24. Rd3 Re7 25.
Re1 Bd7 26. Rxe7 Qxe7 27. Re3 Qf6 28. b5 Nc5 29. bxc6 bxc6 30. Bxc6 Rb8 31. Bxd7 Nxd7 32. Nb5 Rb6 33. Qxa5 Qa1+ 34. Kg2 Qb2+ 35. Kf3 Qc1 36.
Qe1 Qxc4 37. Nc3 Nf6 38. Ne4 Qd5 39. Kg2 Rb2+ 40. Kg1 Nxe4 41. Rxe4 Qb5 42. Re8+ Kg7 43. Qc3+ Kh6 44. Qe3 Rb1+ 45. Kg2 Rb2+ 46. Kg1 Qf5 47. Re4 Rb1+ 48. Kg2 Rb2+ 49. Kg1 Ra2 50. Rd4 Kg7 51.
Rd1 Qh3 52. Qd4+ Kh6 53. Qe4 Qxh2+ 54. Kf1 Qf2# 0-1

[Event "Early-Titled-Tuesday-Blitz-February-13-2024"]
[Site "Chess.com"]
[Date "2024.02.13"]
[Round "2"]
[White "KamlaPasand"]
[Black "Lukianoo"]
[Result "1-0"]
[WhiteElo "2586"]
[BlackElo "2794"]
[TimeControl "180+1"]
[EndTime "8:20:42 PST"]
[Termination "KamlaPasand won on time"]

1. e4 c6 2. d4 d5 3. Nc3 dxe4 4.
Nxe4 Nf6 5. Nxf6+ gxf6 6. c3 h5 7. Bd3 h4 8. Ne2 h3 9. g3 Bg4 10. Be4 Nd7 11. f3 Be6 12. Nf4 Bc4 13. b3 Ba6 14. Ne6 Qc8 15. Nxf8 Nxf8 16. Be3 Qe6 17. d5 cxd5 18. Qxd5 Qxd5 19. Bxd5 f5 20. O-O-O e6 21. Bc4 Bxc4 22. bxc4 Nd7 23. Rd6 Ne5 24. Bd4 Nxc4 25.
Rxe6+ fxe6 26. Bxh8 Kf7 27. Bd4 e5 28. Bf2 Rd8 29.
Rd1 Rxd1+ 30. Kxd1 a5 31. Kc2 a4 32. Kd3 b5 33. g4 Ke6 34. Ba7 e4+ 35. fxe4 fxg4 36.
Bb8 Ne5+ 37. Ke2 Nf3 38. Kf2 Nd2 39. Ke3 Nf3 40. Kf2 Nd2 41. Ke3 Nf3 42. Bf4 Ne5 43. Kf2 Nd3+ 44. Kg3 Nc1 45. a3 Ne2+ 46. Kxg4 Nxc3 47.
Kxh3 Nxe4 48. Kg4 Nc5 49. h4 Nd3 50. Bd2 Kf7 51. Kf5 Kg7 52. Ke4 Nc5+ 53. Kd5 Nd3 54. Kd4 Nf2 55. Bc3 Kg6 56. Be1 Nd1 57. Kc5 Nb2 58.
Kxb5 Kh5 59. Bc3 Nd1 60. Bf6 Ne3 61. Kxa4 Nd5 62. Bg5 1-0

[Event "Early-Titled-Tuesday-Blitz-February-13-2024"]
[Site "Chess.com"]
[Date "2024.02.13"]
[Round "2"]
[White "CSB7"]
[Black "emeli_chess"]
[Result "1-0"]
[WhiteElo "2739"]
[BlackElo "2373"]
[TimeControl "180+1"]
[EndTime "8:20:42 PST"]
[Termination "CSB7 won by resignation"]

1. e4 e5 2. Nf3 Nc6 3. d4 exd4 4. Nxd4 Bc5 5. Nb3 Bb6 6. Nc3 a5 7. Nd5 Ba7 8. Qg4 g6 9. Qg3 d6 10.
Bb5 Bd7 11. Qc3 f6 12. O-O Kf7 13. a4 Kg7 14. Kh1 Rc8 15. Nxa5 Nxa5 16. Qxa5 Bd4 17. Qd2 Ba7 18. Bxd7 Qxd7 19. a5 c6 20. Nb6 Bxb6 21. axb6 h5 22. Rd1 d5 23. exd5 cxd5 24. b3 Ne7 25. Bb2 Rhd8 26. Ra4 Nc6 27. Rf4 d4 28. h4 Qe6 29. Bxd4 Nxd4 30. Rxd4 Rxd4 31. Qxd4 Rxc2 32. Qd7+ Qf7 33. Qxf7+ Kxf7 34. Rd7+ Ke6 35. Rxb7 Rb2 36. Rg7 Kf5 37. b7 Rxb3 38. f3 g5 39. hxg5 fxg5 40. Kg1 Kf4 41. Kf2 Rb2+ 42. Ke1 g4 43.
fxg4 hxg4 44. Kd1 Kg3 45. Kc1 Rb4 46. Kc2 Kf4 47. Kc3 Rb1 48. Kc4 Kg3 49. Kd5 Rd1+ 50. Kc6 Rc1+ 51. Kd7 Rb1 52. Kc8 Rc1+ 53. Kb8 Rb1 54. Rg6 Rb4 55. Kc7 Kf4 56. b8=Q Rxb8 57. Kxb8 1-0